 Dungeon Crawl Stone Soup version 0.23.1 (webtiles) character file.

Game seed: 6763586254265765416

115 Borgoz the Sneak (level 5, -4/37 (38) HPs)
             Began as a Ghoul Enchanter on Mar 8, 2019.
             Slain by Crazy Yiuf
             ... wielding a +2 quarterstaff of chaos
              (7 damage)
             ... on level 2 of the Dungeon.
             The game lasted 00:04:07 (1937 turns).

Borgoz the Sneak (Ghoul Enchanter)                  Turns: 1937, Time: 00:04:07

HP:   -4/37 (38)    AC:  5    Str: 12    XL:     5   Next: 0%
MP:   1/6           EV: 11    Int: 10    God:
Gold: 276           SH:  0    Dex: 10    Spells: 6/7 levels left

rFire    . . .     SeeInvis .   a - +1 dagger
rCold    + . .     Gourm    .   (no shield)
rNeg     + + +     Faith    .   e - +0 ring mail
rPois    ∞         Spirit   .   (no helmet)
rElec    .         Reflect  .   (no cloak)
rCorr    .         Harm     .   (no gloves)
MR       .....                  (no boots)
Stlth    +.........             (no amulet)
HPRegen  0.00/turn              (no ring)
MPRegen  0.10/turn              (no ring)

@: rotting, hasted, very quick
A: rotting body, claws 1, carnivore, cold resistance 1, negative energy
resistance 3, inhibited regeneration, torment resistance, unbreathing
a: no special abilities


You were on level 2 of the Dungeon.
You were not hungry.

You visited 1 branch of the dungeon, and saw 3 of its levels.

You collected 276 gold pieces.

Inventory:

Hand Weapons
 a - a +1 dagger (weapon)
Armour
 e - a +0 ring mail (worn)
Scrolls
 c - a scroll of magic mapping {unknown}
 f - 3 scrolls of remove curse
 g - a scroll of blinking {unknown}
 i - a scroll of teleportation {unknown}
Comestibles
 d - 3 rations


   Skills:
 * Level 2.9 Short Blades
 + Level 1.8 Armour
 + Level 2.6 Dodging
 - Level 3.2 Stealth
 - Level 1.7 Spellcasting
 - Level 2.4 Hexes


You had 6 spell levels left.
You knew the following spells:

 Your Spells              Type           Power        Failure   Level  Hunger
a - Corona                Hex            #......      26%         1    ##.....

Your spell library contained the following spells:

 Spells                   Type           Power        Failure   Level  Hunger
 Ensorcelled Hibernation  Hex/Ice        #.....       54%         2    ###....
 Confuse                  Hex            #.......     61%         3    ####...
 Tukima's Dance           Hex            #.......     61%         3    ####...
 Dazzling Spray           Conj/Hex       #.....       78%         3    ####...


Dungeon Overview and Level Annotations

Branches:
Dungeon (3/15)

Altars:

Annotations:
D:2 Crazy Yiuf


Innate Abilities, Weirdness & Mutations

Your body is rotting away.
You thrive on raw meat.
You are immune to poison.
You have sharp fingernails.
You are carnivorous and can eat meat at any time.
Your flesh is cold resistant. (rC+)
You are immune to negative energy. (rN+++)
You do not regenerate when monsters are visible.
You are immune to unholy pain and torment.
You can survive without breathing.


Message History

You closely miss Crazy Yiuf.
Crazy Yiuf is moderately wounded.
Crazy Yiuf says, "Prologue!
Scoff infinity childish."
Crazy Yiuf barely misses you.
You barely miss Crazy Yiuf.
Crazy Yiuf is moderately wounded.
You hit Crazy Yiuf.
Crazy Yiuf is moderately wounded.
Crazy Yiuf hits you with a +2 quarterstaff of chaos.
* * * LOW HITPOINT WARNING * * *
You hit Crazy Yiuf.
Crazy Yiuf is heavily wounded.
You barely miss Crazy Yiuf.
Crazy Yiuf is heavily wounded.
Crazy Yiuf barely misses you.
You hit Crazy Yiuf.
Crazy Yiuf is heavily wounded.
Crazy Yiuf cries, "You leg down broken song, no?"
Crazy Yiuf hits you with a +2 quarterstaff of chaos!
You die...

######### ##..)...)#
#..#####.##
#).#..)#).#
#).#)))#..#
##)#)g.#.)# ###
##)##@##..# #..
#.).......# #.#
#....)....# #.#
#.))))....# #.#
#....))...##########.#
#.)).....##..........#
#).....))###.<..)....#
#.).....)# #.######..#
###....### #.# #>.#


You could see Crazy Yiuf.

Vanquished Creatures
  A hound (D:2)
  2 adders
  3 worms (D:2)
  2 dart slugs
  2 leopard geckos
  An orc (D:3)
  3 bats
  4 giant cockroaches
  8 goblins
  6 hobgoblins
  3 jackals (D:1)
  3 kobolds (D:2)
  2 quokkas (D:2)
  5 frilled lizards
  4 rats
49 creatures vanquished.

Vanquished Creatures (others)
  5 toadstools (D:1)
5 creatures vanquished.

Grand Total: 54 creatures vanquished

Notes
Turn   | Place    | Note
-------+----------+-------------------------------------------
     0 | D:1      | Borgoz the Ghoul Enchanter began the quest for the Orb.
     0 | D:1      | Reached XP level 1. HP: 14/14 MP: 2/2
    19 | D:1      | Reached skill level 1 in Short Blades
   358 | D:1      | Reached XP level 2. HP: 19/20 MP: 3/3
   906 | D:2      | Reached XP level 3. HP: 22/26 MP: 4/4
   925 | D:2      | Reached skill level 1 in Armour
  1308 | D:2      | You fall through a shaft!
  1385 | D:3      | Reached XP level 4. HP: 26/33 MP: 5/5
  1525 | D:2      | Found a runed translucent door.
  1795 | D:2      | Reached XP level 5. HP: 23/37 MP: 6/6
  1891 | D:2      | Noticed Crazy Yiuf
  1928 | D:2      | HP: 1/38 [Crazy Yiuf/+2 quarterstaff of chaos (4)]
  1937 | D:2      | Slain by Crazy Yiuf

Skill      XL: |  1  2  3 |
---------------+----------+-----
Short Blades   | 1 2 |  2.9
Dodging        | 2 |  2.6
Armour         | 1 |  1.8
Stealth        | |  3.2
Spellcasting   | |  1.7
Hexes          | |  2.4

Action                   |  1- 3 |  4- 6 || total
-------------------------+-------+-------++-------
Melee: Dagger            |   189 |    95 ||   284
  Use: Potion            |       |     2 ||     2
       Scroll            |       |     1 ||     1
 Stab: Sleeping          |     4 |     2 ||     6
  Eat: Chunk             |    19 |    12 ||    31
Armor: Ring mail         |    56 |    15 ||    71
Dodge: Dodged            |   101 |    35 ||   136
